 Dungeon Crawl Stone Soup version 0.30-a0-913-g9934a0ce24 (webtiles) character file.

Game seed: 4573613432611623397

2 gelatine the Chopper (level 1, 0/16 HPs)
             Began as a Demonspawn Gladiator on Mar 19, 2023.
             Slain by a kobold
             ... wielding a +2 dagger of venom
              (1 damage)
             ... on level 1 of the Dungeon.
             The game lasted 00:00:12 (35 turns).

gelatine the Chopper (Demonspawn Gladiator)           Turns: 35, Time: 00:00:13

Health: 0/16       AC:  4    Str: 14    XL:     1   Next: 33%
Magic:  1/1        EV: 12    Int:  9    God:
Gold:   0          SH:  0    Dex: 14    Spells: 0/0 levels left

rFire   . . .      SeeInvis .    a - +0 war axe
rCold   . . .      Faith    .    (no shield)
rNeg    . . .      Spirit   .    b - +0 leather armour
rPois   .          Reflect  .    c - +0 helmet
rElec   .          Rampage  .    (no cloak)
rCorr   .                        (no gloves)
Will    .....                    (no boots)
Stlth   +                        (no amulet)
HPRegen 0.22/turn                (no ring)
MPRegen 0.07/turn                (no ring)

@: lethally poisoned (0 -> -24)
A: no striking features
a: no special abilities


You were on level 1 of the Dungeon.
You visited 1 branch of the dungeon, and saw 1 of its levels.

Inventory:

Hand Weapons
 a - a +0 war axe (weapon)
Missiles
 d - 3 throwing nets (quivered)
 e - a javelin
Armour
 b - a +0 leather armour (worn)
 c - a +0 helmet (worn)


   Skills:
 + Level 2.0 Fighting
 + Level 2.7 Axes
 + Level 1.8 Throwing
 + Level 2.7 Dodging


You couldn't memorise any spells.
You didn't know any spells.
Your spell library was empty.

Dungeon Overview and Level Annotations

Branches:
Dungeon (1/15)

Altars:


Message History

You miss the frilled lizard. You hit the bush but do no damage.
The frilled lizard bites you but does no damage.
You miss the frilled lizard. You hit the bush but do no damage.
The frilled lizard barely misses you.
The frilled lizard bites you but does no damage.
You slash the frilled lizard!
You kill the frilled lizard!
You slash the bush!
A bat comes into view.
The bat barely misses you. The bat misses you.
You see here a red potion.
The bat barely misses you.
A goblin and a hobgoblin come into view.
The goblin shouts!
The hobgoblin shouts!
The bat barely misses you. The bat hits you but does no damage.
You miss the goblin. The bat barely misses you. The goblin barely misses you.
You slash the goblin!
You kill the goblin!
You hit the bat.
You kill the bat!
A kobold comes into view. It is wielding a +2 dagger of venom.
The kobold hits you with a +2 dagger of venom.
You are poisoned.
You hit the kobold but do no damage.
You feel very sick. The kobold barely misses you.
You completely miss the kobold.
You feel very sick. The kobold hits you but does no damage.
You are lethally poisoned!
You barely miss the kobold. You closely miss the hobgoblin.
* * * LOW HITPOINT WARNING * * *
You feel very sick. The hobgoblin hits you.
* * * LOW HITPOINT WARNING * * *
The kobold hits you but does no damage.
You are more poisoned.
The kobold hits you with a +2 dagger of venom.
You die...

### .. ### ##
...#.. .#
...#.#######K######
.........!†@g......
..#.#.....#)##.###
####.#.###.#.#
###........#.#.#
#...##.#.#.#.#.#
#.#.##.#.#.#.#.#
#.####.#.. #.#.#
###.####.#####.#.#
#~~~~~##.#


You could see a hobgoblin and a kobold.

Vanquished Creatures
  A goblin (D:1)
  A bat (D:1)
  A frilled lizard (D:1)
3 creatures vanquished.

Notes
Turn   | Place    | Note
-------+----------+-------------------------------------------
     0 | D:1      | gelatine the Demonspawn Gladiator began the quest for the
                  | Orb.
     0 | D:1      | Reached XP level 1. HP: 16/16 MP: 1/1
    35 | D:1      | Slain by a kobold

Illustrated notes

Levels and vault maps discovered:
D:1:      sevenhm_arrival_forest_fort_small_4, layout_basic,
          serial_corexii_hall, corexii_hall_statues_s, chequers_hall_statues_y

Action                     || total
---------------------------++-------
  Melee: War axe           ||     9
 Armour: Leather armour    ||     5
  Dodge: Dodged            ||    10

Table legend: (Time is in decaauts)
 A = Elapsed time spent in this place.
 B = Non-inter-level travel time spent in this place.
 C = Inter-level travel time spent in this place.
 D = Time resting spent in this place.
 E = Time spent auto-exploring this place.
 F = Levels seen in this place.
 G = Mean time per level.
                   A        B        C        D        E       F      G
               +--------+--------+--------+--------+--------+-----+--------+
         Total |     40 |     40 |      0 |      0 |     17 |   1 |   40.0 |
       Dungeon |     40 |     40 |      0 |      0 |     17 |   1 |   40.0 |
               +--------+--------+--------+--------+--------+-----+--------+

Top non-repeatable levels by time:
     D:1: 40 daAuts
